 Dungeon Crawl Stone Soup version 0.31-a0-1620-gcbf77bbcfc (webtiles) character file.

Game seed: 14327043540746442777

163 voltaire321 the Ducker (level 5, 0/39 HPs)
             Began as a Djinni Gladiator on Jan 12, 2024.
             Was an Initiate of Hepliaklqana.
             Splashed by a jelly's acid (10 damage)
             ... on level 4 of the Dungeon.
             The game lasted 00:07:37 (3166 turns).

voltaire321 the Ducker (Djinni Gladiator)           Turns: 3166, Time: 00:07:37

Health: 0/39       AC:  0    Str: 15    XL:     5   Next: 72%
Gold:   157        EV: 11    Int: 10    God:    Hepliaklqana [......] SH:  8 Dex: 14

rFire   + + .        a - +0 long sword
rCold   x . .        p - +0 kite shield
rNeg    . . .        b - +0 leather armour
rPois   ∞            c - +0 helmet
rElec   .            (no cloak)
rCorr   .            (no gloves)
SInv    .            (boots unavailable)
Will    .....        (no amulet)
Stlth   +            (no ring)
HPRegen 0.26/turn    (no ring)
MPRegen 0.00/turn

%: infuse magic (-1 HP)
@: corroded, flying
A: sickness immunity, fire resistance 2, cold vulnerability 1, float, innate
caster, HP casting, extra vitality 1
a: Renounce Religion


You were on level 4 of the Dungeon.
You worshipped Hepliaklqana.
Hepliaklqana was noncommittal.
You visited 1 branch of the dungeon, and saw 4 of its levels.

You collected 157 gold pieces.

Inventory:

Hand Weapons
 a - a +0 long sword (weapon)
Missiles
 d - 3 throwing nets
 e - a javelin
 m - 5 poisoned darts
Armour
 b - a +0 leather armour (worn)
 c - a +0 helmet (worn)
 p - a +0 kite shield (worn)
Wands
 q - a wand of iceblast (6)
 s - a wand of flame (20)
Scrolls
 g - a scroll of fear {unknown}
 j - a scroll of torment {unknown}
 l - a scroll of fog {unknown}
 o - 2 scrolls of butterflies {unknown}
 v - a scroll of identify {unknown}
Potions
 f - a potion of haste {unknown}
 h - 2 potions of might {unknown}
 i - 3 potions of curing {unknown}
 k - a potion of mutation {unknown}
 n - a potion of invisibility {unknown}
 r - a potion of degeneration {unknown}
 t - 2 potions of attraction {unknown}
 u - 2 potions of heal wounds {unknown}
 w - a potion of brilliance {unknown}
 x - 2 potions of magic {unknown}


   Skills:
 + Level 2.7 Fighting
 + Level 3.2 Long Blades
 + Level 2.2 Throwing
 + Level 1.6 Armour
 + Level 3.9 Dodging
 + Level 1.1 Shields
 + Level 1.0 Spellcasting
 + Level 1.0 Conjurations
 + Level 1.0 Hexes
   Level 0.0 Charms
 + Level 1.0 Summonings
 + Level 1.0 Necromancy
 + Level 1.0 Translocations
   Level 0.0 Transmutations
 + Level 1.0 Fire Magic
 + Level 1.0 Ice Magic
 + Level 1.0 Air Magic
 + Level 1.0 Earth Magic
 + Level 1.0 Alchemy
 + Level 0.4 Invocations


You knew the following spells:

 Your Spells              Type           Power      Damage    Failure   Level
a - Necrotise             Necr           8%         1d4       67%         1
b - Scorch                Fire           4%         2d5       82%         2
Your spell library was empty.

Dungeon Overview and Level Annotations

Branches:
Dungeon (4/15)
 Temple: D:4-7

Altars:
Hepliaklqana
Makhleb


Innate Abilities, Weirdness & Mutations

You are immune to sickness and miasma.
You are immune to poison.
Your flesh is very heat resistant. (rF++)
You are vulnerable to cold. (rC-)
You float through the air rather than walking.
You learn spells naturally, not from books.
Your magical power is your life essence.
You have superior vitality. (+4 MHP)


Message History

You block the hound's attack. The hound bites you.
You completely miss the hound.
The hound is moderately wounded.
The hound bites you. You block the hound's attack.
You barely miss the hound.
The hound is moderately wounded.
The hound bites you. The hound closely misses you.
You hit the hound.
The hound is heavily wounded.
The hound bites you but does no damage. The hound barely misses you.
The hound bites you.
You slash the hound!
You kill the hound!
You see here a hound corpse.
A hobgoblin comes into view. It is wielding a +0 whip.
The hobgoblin shouts!
The hobgoblin hits you with a +0 whip.
You slash the hobgoblin!
You kill the hobgoblin!
Things that are here:
a +0 whip; a hobgoblin corpse
There is an open door here.
A jelly comes into view.
The jelly quivers.
The jelly hits you. The acid corrodes you!
You are splashed with acid.
You barely miss the jelly. The jelly hits you.
You are splashed with acid!
The jelly barely misses you.
You hit the jelly but do no damage. The acid corrodes you!
Your hands burn!
You block the jelly's attack. The jelly attacks as it pursues you!
The jelly barely misses you. The jelly attacks as it pursues you!
The jelly barely misses you.
You hit the jelly.
Your hands burn!
The jelly is moderately wounded.
The jelly closely misses you.
You barely miss the jelly.
The jelly is moderately wounded.
The jelly barely misses you. The jelly hits you.
* * * LOW HITPOINT WARNING * * *
You are splashed with acid!
You die...

#####...##
#.#.##.##.#
.........##
#.#........
###.......##
#.#......
##.......).###....#.#
.+.........'........#
##.........####...#.#
##.......## ##.##.#
##.....## #.##.#
##...## #@##.###.#
##+## #.J......#
####.##### #.# #.#
#.# #.# ..# ###


You could see a jelly.

Vanquished Creatures
  A hound (D:4)
  Ijyb (D:3)
  3 gnolls
  3 adders
  A dart slug (D:3)
  A ribbon worm (D:3)
  An orc (D:3)
  3 ball pythons
  8 giant cockroaches
  3 goblins
  6 hobgoblins
  2 quokkas
  5 bats
  5 frilled lizards
  2 kobolds
  3 rats
48 creatures vanquished.

Notes
Turn   | Place    | Note
-------+----------+-------------------------------------------
     0 | D:1      | voltaire321 the Djinni Gladiator began the quest for the
                  | Orb.
     0 | D:1      | Reached XP level 1. HP: 18/18 MP: 0/0
    50 | D:1      | Reached XP level 2. HP: 22/23 MP: 0/0
  1038 | D:1      | Reached XP level 3. HP: 28/28 MP: 0/0
  1038 | D:1      | Learned a level 1 spell: Necrotise
  1838 | D:3      | Noticed Ijyb
  1923 | D:3      | Reached skill level 1 in Armour
  1923 | D:3      | Reached XP level 4. HP: 34/34 MP: 0/0
  2239 | D:3      | Killed Ijyb
  2240 | D:3      | Reached XP level 5. HP: 19/39 MP: 0/0
  2240 | D:3      | Learned a level 2 spell: Scorch
  2736 | D:3      | Found a hazy altar of Hepliaklqana.
  2741 | D:3      | Became a worshipper of Hepliaklqana the Forgotten
  3061 | D:4      | Reached skill level 1 in Shields
  3061 | D:4      | Reached skill level 1 in Spellcasting
  3061 | D:4      | Reached skill level 1 in Conjurations
  3061 | D:4      | Reached skill level 1 in Hexes
  3061 | D:4      | Reached skill level 1 in Summonings
  3061 | D:4      | Reached skill level 1 in Necromancy
  3061 | D:4      | Reached skill level 1 in Translocations
  3061 | D:4      | Reached skill level 1 in Fire Magic
  3061 | D:4      | Reached skill level 1 in Ice Magic
  3061 | D:4      | Reached skill level 1 in Air Magic
  3061 | D:4      | Reached skill level 1 in Earth Magic
  3061 | D:4      | Reached skill level 1 in Alchemy
  3062 | D:4      | Found a burning altar of Makhleb.
  3166 | D:4      | Splashed by a jelly's acid

Illustrated notes

Levels and vault maps discovered:
D:1:      dpeg_arrival_shrine, layout_basic, serial_rivers,
          chequers_serial_rivers_large_b, chequers_serial_rivers_micro_e,
          chequers_serial_rivers_marsh, chequers_serial_rivers_micro_b,
          chequers_serial_rivers_small_b, chequers_serial_rivers_small_3,
          minmay_misc_feat_tower, kennysheep_pointless_box,
          minmay_worlds_worst_comb
D:2:      layout_rooms
D:3:      layout_rooms, nicolae_hepliaklqana_hippocampus, uniq_ijyb
D:4:      layout_loops_corners, mainiacjoe_overflow_boulevard,
          nicolae_overflow_crystal_walls, nicolae_nh_ransacked_shop

Skill      XL: |  1  2  3  4  5 |
---------------+----------------+-----
Long Blades    | 3 |  3.2
Throwing       | 2 |  2.2
Armour         | 1 |  1.6
Shields        | 1 |  1.1
Spellcasting   | 1 |  1.0
Conjurations   | 1 |  1.0
Hexes          | 1 |  1.0
Summonings     | 1 |  1.0
Necromancy     | 1 |  1.0
Translocations | 1 |  1.0
Fire Magic     | 1 |  1.0
Ice Magic      | 1 |  1.0
Air Magic      | 1 |  1.0
Earth Magic    | 1 |  1.0
Alchemy        | 1 |  1.0
Fighting       | |  2.7
Dodging        | |  3.9
Invocations    | |  0.4

Action                     |  1- 3 |  4- 6 || total
---------------------------+-------+-------++-------
  Melee: Long sword        |    92 |    81 ||   173
         Punch             |     1 |       ||     1
   Cast: Necrotise         |     8 |       ||     8
   Stab: Sleeping          |     1 |       ||     1
 Armour: Leather armour    |    58 |    60 ||   118
  Dodge: Dodged            |    66 |    49 ||   115
  Block: Kite shield       |     3 |    56 ||    59

Table legend: (Time is in decaauts)
 A = Elapsed time spent in this place.
 B = Non-inter-level travel time spent in this place.
 C = Inter-level travel time spent in this place.
 D = Time resting spent in this place.
 E = Time spent auto-exploring this place.
 F = Levels seen in this place.
 G = Mean time per level.
                   A        B        C        D        E       F      G
               +--------+--------+--------+--------+--------+-----+--------+
         Total |   3230 |   3023 |    207 |    671 |   1737 |   4 |  807.5 |
       Dungeon |   3230 |   3023 |    207 |    671 |   1737 |   4 |  807.5 |
               +--------+--------+--------+--------+--------+-----+--------+

Top non-repeatable levels by time:
     D:1: 1227 daAuts
     D:2: 954 daAuts
     D:3: 703 daAuts
     D:4: 344 daAuts
